 Dungeon Crawl Stone Soup version 0.23.1-37-gaa34b87b72 (webtiles) character file.

Game seed: 551695786262459303

918 Jabberih the Ruffian (level 7, -13/52 HPs)
             Began as a Purple Draconian Transmuter on Mar 28, 2019.
             Mangled by a two-headed ogre
             ... wielding a +0 giant club
              (22 damage)
             ... on level 9 of the Dungeon.
             The game lasted 00:13:33 (5410 turns).

Jabberih the Ruffian (Purple Draconian Transmuter)  Turns: 5410, Time: 00:13:34

Health: -13/52     AC:  2    Str: 14    XL:     7   Next: 83%
Magic:  5/10       EV: 19    Int: 13    God:
Gold:   217        SH:  0    Dex: 17    Spells: 4/10 levels left

rFire    . . .     SeeInvis .     - Unarmed
rCold    . . .     Gourm    .   (shield currently unavailable)
rNeg     . . .     Faith    .   (armour unavailable)
rPois    x         Spirit   .   (helmet currently unavailable)
rElec    .         Reflect  .   (cloak currently unavailable)
rCorr    .         Harm     .   (gloves currently unavailable)
MR       +....                  (boots currently unavailable)
Stlth    ++........             k - amulet of rage
HPRegen  0.17/turn              (no ring)
MPRegen  0.12/turn              (no ring)

@: spider-form (expiring)
A: tiny, (breathe power), unfitting armour, AC +6
a: End Transformation, Evoke Berserk Rage


You were on level 9 of the Dungeon.
You were not hungry.
You were a venomous arachnid creature.
You visited 1 branch of the dungeon, and saw 7 of its levels.

You collected 277 gold pieces.
You spent 60 gold pieces at shops.

Inventory:

Hand Weapons
 g - a +3 dagger of speed
Missiles
 a - 55 arrows
 e - 8 javelins (quivered)
 o - 6 tomahawks
 u - a throwing net
Armour
 q - a +0 pair of boots (melded)
Jewellery
 k - an amulet of rage (around neck)
 w - an uncursed amulet of harm
Scrolls
 d - a scroll of teleportation
 h - a scroll of amnesia
 r - a scroll of blinking
 s - 3 scrolls of remove curse
Potions
 b - a potion of flight {unknown}
 f - 4 potions of might
 i - 2 potions of lignification
 j - a potion of curing
 m - a potion of ambrosia
 n - a potion of mutation
 p - a potion of agility
 t - a potion of resistance
Comestibles
 c - 9 rations
 l - 5 chunks of flesh


   Skills:
 - Level 1.1 Fighting
 - Level 1.7 Dodging
 * Level 7.4 Unarmed Combat
 - Level 2.4 Spellcasting
 - Level 6.2 Transmutations


You had 4 spell levels left.
You knew the following spells:

 Your Spells              Type           Power        Failure   Level  Hunger
a - Beastly Appendage     Tmut           ###...       8%          1    #......
b - Sticks to Snakes      Tmut           ###.....     10%         2    ###....
c - Spider Form           Tmut/Pois      #.........   41%         3    ###....

Your spell library contained the following spells:

 Spells                   Type           Power        Failure   Level  Hunger
 Animate Skeleton         Necr           N/A          45%         1    #......
 Apportation              Tloc           #.....       45%         1    #......
 Confusing Touch          Hex            #.....       45%         1    #......
 Corona                   Hex            #......      45%         1    #......
 Summon Small Mammal      Summ           #...         45%         1    #......
 Ensorcelled Hibernation  Hex/Ice        #.....       58%         2    ###....
 Ice Form                 Ice/Tmut       #.......     77%         4    #####..
 Confuse                  Hex            #.......     78%         3    ###....
 Dazzling Spray           Conj/Hex       #.....       78%         3    ###....
 Tukima's Dance           Hex            #.......     78%         3    ###....
 Blade Hands              Tmut           ###.......   67%         5    ######.


Dungeon Overview and Level Annotations

Branches:
Dungeon (6/15)             Temple (0/1) D:5

Altars:
Fedhas
Hepliaklqana
Kikubaaqudgha
Makhleb
Qazlal
Ru
Sif Muna
Xom
Yredelemnul

Shops:
D:4 *

Annotations:
D:9 Joseph


Innate Abilities, Weirdness & Mutations

((You can breathe bolts of dispelling energy.))
((Your rich purple scales are hard. (AC +6)))
You cannot fit into any form of body armour.
((You are cold-blooded and may be slowed by cold attacks.))


Message History

The two-headed ogre hits you with a +0 giant club! x2
You hit the two-headed ogre but do no damage.
The two-headed ogre is moderately wounded.
The two-headed ogre barely misses you. The two-headed ogre misses you.
You bite the two-headed ogre!
The two-headed ogre is poisoned.
The two-headed ogre is heavily wounded.
You bite the two-headed ogre!
The two-headed ogre looks as sick as possible!
The two-headed ogre is severely wounded.
The two-headed ogre hits you with a +0 giant club!!
* * * LOW HITPOINT WARNING * * *
The two-headed ogre barely misses you.
You completely miss the two-headed ogre.
The two-headed ogre is severely wounded.
You bite the two-headed ogre!
The two-headed ogre looks as sick as possible!
The two-headed ogre is almost dead.
The two-headed ogre misses you.
The two-headed ogre hits you with a +0 giant club!!
You die...

#...# #[..#
....# #...
#..###
###.###....#
..._###O...#
#s.# #..#
.###.###..##
........รท).#
........#.##
....#...#.#
... #...### .
#..## ##.


You could see a two-headed ogre.

Vanquished Creatures
  An ogre (D:5)
  A water moccasin skeleton (D:5)
  A howler monkey (D:5)
  4 crimson imps
  3 hounds
  6 orc wizards
  3 jellies
  An iguana (D:4)
  2 worker ants
  A howler monkey skeleton (D:5)
  9 adders
  A gnoll (D:1)
  An ooze (D:3)
  3 adder skeletons
  2 worms
  A leopard gecko (D:5)
  8 orcs
  11 ball pythons (D:3)
  10 bats
  10 giant cockroaches
  6 goblins
  4 hobgoblins
  3 jackals (D:4)
  A quokka (D:3)
  A frilled lizard (D:3)
  17 kobolds
  A quokka skeleton (D:5)
  7 rats
119 creatures vanquished.

Vanquished Creatures (collateral kills)
  An orc (D:9)
1 creature vanquished.

Grand Total: 120 creatures vanquished

Notes
Turn   | Place    | Note
-------+----------+-------------------------------------------
     0 | D:1      | Jabberih the Draconian Transmuter began the quest for the
                  | Orb.
     0 | D:1      | Reached XP level 1. HP: 16/16 MP: 3/3
   263 | D:1      | Reached XP level 2. HP: 23/23 MP: 3/5
   317 | D:1      | Reached skill level 4 in Unarmed Combat
   617 | D:1      | Reached XP level 3. HP: 27/28 MP: 4/6
   936 | D:2      | Learned a level 2 spell: Sticks to Snakes
   940 | D:2      | Learned a level 3 spell: Spider Form
  1416 | D:3      | Reached XP level 4. HP: 28/35 MP: 5/7
  1439 | D:3      | Found a deep blue altar of Sif Muna.
  1464 | D:3      | Reached skill level 5 in Unarmed Combat
  1533 | D:3      | Reached XP level 5. HP: 14/40 MP: 8/8
  1775 | D:3      | Found a stormy altar of Qazlal.
  1833 | D:3      | Found a sacrificial altar of Ru.
  1834 | D:3      | Found an ancient bone altar of Kikubaaqudgha.
  2266 | D:3      | Found a blossoming altar of Fedhas.
  3181 | D:4      | Reached XP level 6. HP: 25/47 MP: 6/9
  3413 | D:4      | Reached skill level 5 in Transmutations
  3807 | D:4      | Found Femm's Assorted Antiques.
  3813 | D:4      | Bought a scroll labeled BODIAN PINIQIR for 30 gold pieces
  3813 | D:4      | Bought a scroll labeled ESEGIPR FESM for 30 gold pieces
  4058 | D:5      | Entered Level 5 of the Dungeon
  4133 | D:5      | Found a hazy altar of Hepliaklqana.
  4202 | D:5      | Your scales start taking on a rich purple colour.
  4202 | D:5      | Reached XP level 7. HP: 51/52 MP: 7/10
  4349 | D:5      | Found a basalt altar of Yredelemnul.
  4390 | D:5      | Found a staircase to the Ecumenical Temple.
  4461 | D:5      | Found a shimmering altar of Xom.
  4515 | D:5      | Reached skill level 6 in Unarmed Combat
  5090 | D:6      | Reached skill level 7 in Unarmed Combat
  5101 | D:6      | You fall through a shaft for 3 floors!
  5101 | D:9      | Noticed Joseph
  5118 | D:9      | Found a burning altar of Makhleb.
  5399 | D:9      | Noticed a two-headed ogre
  5410 | D:9      | Mangled by a two-headed ogre

Skill      XL: |  1  2  3  4  5  6  7 |
---------------+----------------------+-----
Unarmed Combat | 4 5 7 |  7.4
Transmutations | 3 4 6 |  6.2
Fighting       | |  1.1
Dodging        | |  1.7
Spellcasting   | |  2.4

Action                   |  1- 3 |  4- 6 |  7- 9 || total
-------------------------+-------+-------+-------++-------
Melee: Unarmed           |   111 |   199 |    95 ||   405
       Kick              |     5 |     2 |       ||     7
       Tailslap          |     5 |    12 |     3 ||    20
       Headbutt          |     1 |     8 |       ||     9
       Punch             |       |     4 |       ||     4
Throw: Javelin           |    21 |       |       ||    21
 Cast: Beastly Appendage |    12 |    14 |       ||    26
       Spider Form       |       |     7 |    12 ||    19
       Sticks to Snakes  |       |     2 |     2 ||     4
  Use: Scroll            |       |    10 |     8 ||    18
       Potion            |       |     1 |     2 ||     3
 Stab: Sleeping          |     1 |     4 |       ||     5
  Eat: Chunk             |     2 |    10 |     6 ||    18
Armor: Skin              |    53 |    77 |     9 ||   139
Dodge: Dodged            |   119 |   138 |    83 ||   340
